 Dungeon Crawl Stone Soup version 0.21.1-1-g345015f (webtiles) character file.

31 letownia2 the Conjurer (level 3, 24/24 HPs)
             Began as a Demonspawn Wizard on Feb 8, 2018.
             Quit the game on level 2 of the Dungeon.
             The game lasted 00:01:06 (817 turns).

letownia2 the Conjurer (Demonspawn Wizard)           Turns: 817, Time: 00:01:07

Health: 24/24      AC:  2    Str:  8    XL:     3   Next: 7%
Magic:  3/7        EV: 12    Int: 19    God:
Gold:   70         SH:  0    Dex: 11    Spells: 7/8 levels left

rFire    . . .     SeeInvis .   g - +0 dagger
rCold    . . .     Gourm    .   (no shield)
rNeg     . . .     Faith    .   a - +0 robe
rPois    .         Spirit   .   b - +0 hat
rElec    .         Reflect  .   (no cloak)
rCorr    .         Harm     .   (no gloves)
MR       .....                  (no boots)
Stlth    +++.......             (no amulet)
HPRegen  0.08/turn              (no ring)
MPRegen  0.10/turn              (no ring)

@: no status effects
A: nightstalker 1, spiny 1
a: no special abilities


You were on level 2 of the Dungeon.
You were not hungry.

You visited 1 branch of the dungeon, and saw 2 of its levels.

You collected 70 gold pieces.

Inventory:

Hand Weapons
 g - a +0 dagger (weapon)
Armour
 a - a +0 robe (worn)
 b - a +0 hat (worn)
Scrolls
 e - a scroll of remove curse {unknown}
 h - a scroll of identify {unknown}
 j - a scroll of blinking {unknown}
Potions
 f - 2 potions of degeneration {unknown}
 i - a potion of curing {unknown}
 k - a potion of flight {unknown}
Books
 c - a book of Minor Magic

   Spells                             Type                      Level
   a - Magic Dart                     Conjuration                  1
   b - Blink                          Translocation                2
   c - Call Imp                       Summoning                    2
   d - Slow                           Hexes                        2
   e - Conjure Flame                  Conjuration/Fire             3
   f - Mephitic Cloud                 Conjuration/Poison/Air       3
Comestibles
 d - 3 rations
 l - 3 chunks of flesh


   Skills:
 - Level 1.7 Dodging
 - Level 1.7 Stealth
 - Level 3.0 Spellcasting
 + Level 3.1 Conjurations
   Level 1.0 Summonings
   Level 0.8 Translocations


You had 7 spell levels left.
You knew the following spells:

 Your Spells              Type           Power        Failure   Level  Hunger
a - Magic Dart            Conj           ##..         4%          1    None


Dungeon Overview and Level Annotations

Branches:
Dungeon (2/15)

Altars:

Annotations:
D:2 exclusion: worker ant


Innate Abilities, Weirdness & Mutations

You are slightly more attuned to the shadows.
You are partially covered in sharp spines.


Message History

Confirm with . or Enter, or press ? or * to list all spells.
Aiming: Magic Dart
Press: ? - help, Shift-Dir - straight line, f/p - adder
Aim: an adder (severely wounded)
The magic dart hits the adder.
You kill the adder!
Your Conjurations skill increases to level 3!
You have reached level 3!
Your experience leads to an increase in your attributes!
Increase (S)trength, (I)ntelligence, or (D)exterity?
You feel stronger.
Your demonic ancestry asserts itself...
Sharp spines emerge from parts of your body.
You see here an adder corpse.
You butcher the adder corpse.
l - 3 chunks of flesh (gained 1)
You see here an adder skeleton.
You start resting.
HP restored.
Unknown command.
Are you sure you want to abandon this character and quit the game? (Confirm with "yes".)

### .###########.#
......รท@...#.########
.#########.#...(<....
#.#.######## #....#
###..# #..# #..# #..#
#..#


There were no monsters in sight!

Vanquished Creatures
  2 adders (D:2)
  A dart slug (D:1)
  A goblin (D:2)
  2 hobgoblins (D:1)
  2 bats (D:1)
  2 frilled lizards (D:1)
  2 kobolds
  2 rats
14 creatures vanquished.

Notes
Turn   | Place    | Note
-------+----------+-------------------------------------------
     0 | D:1      | letownia2 the Demonspawn Wizard began the quest for the Orb.
     0 | D:1      | Reached XP level 1. HP: 13/13 MP: 4/4
   424 | D:1      | Gained mutation: You are slightly more attuned to the shadows. [demonic ancestry]
   424 | D:1      | Reached XP level 2. HP: 17/19 MP: 1/6
   798 | D:2      | Gained mutation: You are partially covered in sharp spines. [demonic ancestry]
   798 | D:2      | Reached XP level 3. HP: 22/24 MP: 1/7
   817 | D:2      | Quit the game

Skill      XL: |  1  2 |
---------------+-------+-----
Conjurations   | 2 3 |  3.1
Dodging        | |  1.7
Stealth        | |  1.7
Spellcasting   | |  3.0
Summonings     | |  1.0
Translocations | |  0.8

Action                   || total
-------------------------++-------
Melee: Unarmed           ||     8
       Dagger            ||     1
 Cast: Magic Dart        ||    32
Armor: Robe              ||     4
Dodge: Dodged            ||    15
